 Dungeon Crawl Stone Soup version 0.29-a0-333-gb4c28e87c6 (webtiles) character file.

Game seed: 16587604383451700882

9353 Murumi the Covert (level 11, -6/64 HPs)
             Began as a Vampire Enchanter on Apr 13, 2022.
             Was a High Priest of Okawaru.
             Mangled by an eight-headed hydra (12 damage)
             ... on level 11 of the Dungeon.
             The game lasted 00:47:21 (12074 turns).

Murumi the Covert (Vampire Enchanter)              Turns: 12074, Time: 00:47:22

Health: -6/64      AC:  7    Str:  7    XL:     11   Next: 21%
Magic:  15/18      EV: 16    Int: 25    God:    Okawaru [*****.]
Gold:   1544       SH:  0    Dex: 29    Spells: 6/20 levels left

rFire   . . .      SeeInvis +   E - +1 dagger of the Wasp {flame, Dex+4}
rCold   + + .      Faith    .   (no shield)
rNeg    + + +      Spirit   .   p - +2 robe {Will+}
rPois   ∞          Reflect  .   (no helmet)
rElec   .          Harm     .   (no cloak)
rCorr   +          Rampage  .   t - +0 pair of gloves
Will    ++...                   d - +1 pair of boots
Stlth   ++++++++..              i - amulet "Namp" {Acrobat Dex+7}
HPRegen 0.00/turn               g - ring of resist corrosion
MPRegen 0.16/turn               w - +6 ring of intelligence

@: bloodless, inhibited regen
A: bloodless, fangs 3, see invisible, vampiric 2
a: Bat Form, Revivify, Renounce Religion, Heroism, Finesse, Duel


You were on level 11 of the Dungeon.
You worshipped Okawaru.
Okawaru was extremely pleased with you.
You visited 2 branches of the dungeon, and saw 12 of its levels.
You also visited: Sewer.

You collected 1544 gold pieces.

Inventory:

Hand Weapons
 x - a +3 dagger of freezing
 y - a +4 dagger of venom
 E - the +1 dagger of the Wasp (weapon) {flame, Dex+4}
   (You found it on level 10 of the Dungeon)

   It burns those it strikes, dealing additional fire damage.
   Dex:       It affects your dexterity (+4).
Missiles
 a - a throwing net
Armour
 d - a +1 pair of boots (worn)
 p - a +2 robe of willpower (worn)
 t - a +0 pair of gloves (worn)
Jewellery
 g - a ring of resist corrosion (left hand)
 i - the amulet "Namp" (around neck) {Acrobat Dex+7}
   (You acquired it on level 1 of the Dungeon)

   [amulet of the acrobat]

   It increases your evasion while moving and waiting.
   Dex:       It affects your dexterity (+7).
 u - a ring of protection from cold
 w - a +6 ring of intelligence (right hand)
Wands
 b - a wand of iceblast (10)
 s - a wand of mindburst (6)
 v - a wand of digging (7)
 z - a wand of paralysis (15)
 D - a wand of polymorph (7)
Scrolls
 c - 5 scrolls of teleportation
 f - 2 scrolls of enchant armour
 n - 4 scrolls of fear
 q - a scroll of blinking
 B - 2 scrolls of magic mapping
 C - 2 scrolls of identify
Potions
 e - 4 potions of curing
 h - a potion of brilliance
 j - 4 potions of haste
 k - 3 potions of heal wounds
 l - a potion of magic
 m - 2 potions of might
 o - a potion of resistance
 r - 3 potions of mutation
 A - 3 potions of flight


   Skills:
 + Level 5.9 Fighting
 - Level 8.0 Short Blades
 - Level 2.0 Armour
 - Level 4.0 Dodging
 - Level 14.0 Stealth
 - Level 5.0 Spellcasting
 - Level 2.0 Conjurations
 - Level 12.0 Hexes
 - Level 3.0 Ice Magic
 - Level 3.0 Air Magic
 - Level 2.0 Invocations


You had 6 spell levels left.
You knew the following spells:

 Your Spells              Type           Power      Damage    Failure   Level
a - Ensorcelled Hibernat  Hex/Ice        86%        N/A       1%          2
b - Confusing Touch       Hex            60%        N/A       1%          3
c - Slow                  Hex            100%       N/A       1%          1
d - Dazzling Flash        Conj/Hex       82%        N/A       1%          3
e - Silence               Hex/Air        21%        N/A       11%         5

Your spell library contained the following spells:

 Spells                   Type           Power      Damage    Failure   Level
 Sublimation of Blood     Necr           6%         N/A       12%         2
 Wereblood                Tmut           6%         N/A       12%         2
 Vampiric Draining        Necr           6%         2d6       24%         3
 Passage of Golubria      Tloc           6%         N/A       63%         4
 Lehudib's Crystal Spear  Conj/Erth      5%         10d3      100%        8
 Tukima's Dance           Hex            Unusable   N/A       N/A         3
 Summon Hydra             Summ           Unusable   N/A       N/A         7

Dungeon Overview and Level Annotations

Branches:
Dungeon (11/15)            Temple (1/1) D:4           Sewer (visited)
   Lair: D:8-11         Orc: D:9-12

Altars:
Ashenzari
Cheibriados
Dithmenos
Elyvilon
Fedhas
Gozag
Hepliaklqana
Kikubaaqudgha
Makhleb
Nemelex Xobeh
Okawaru
Qazlal
Ru
Sif Muna
Trog
Uskayaw
Vehumet
Wu Jian
Xom
Yredelemnul
Zin
The Shining One


Innate Abilities, Weirdness & Mutations

You do not regenerate when monsters are visible.
You are frail without blood (-20% HP).
You can heal yourself when you bite living creatures.
You are immune to poison.
You have razor-sharp teeth.
You have supernaturally acute eyesight. (SInv)
You are afflicted with vampirism and can become a bat while bloodless.


Message History

The orc barely resists.
The orc closely misses you.
You hit the orc. You burn the orc.
The orc is moderately wounded.
The orc misses you.
The orc barely resists.
The orc closely misses you.
The orc looks drowsy...
The helpless orc fails to defend itself.
You bite the orc, and draw its blood! You stick the orc like a pincushion!!!!
You burn the orc.
You kill the orc!
Okawaru accepts your kill.
Things that are here:
the +0 cloak of Privacy {rPois Will+ MP-9 Int+2}; a +0 flail; a +0 ring mail
Okay, then.
An eight-headed hydra comes into view.
An unseen horror comes into view.
A cyan ugly thing comes into view.
You hit the eight-headed hydra but do no damage.
The eight-headed hydra closely misses you.
The eight-headed hydra bites you!
The eight-headed hydra barely misses you.
The eight-headed hydra bites you! x2; The eight-headed hydra misses you.
The eight-headed hydra bites you!
* * * LOW HITPOINT WARNING * * *
The eight-headed hydra misses you.
Okay, then.
Casting: Ensorcelled Hibernation (safe; 1% risk of failure)
Confirm with . or Enter, or press ? or * to list all spells.
Aiming: Ensorcelled Hibernation (safe; 1% risk of failure)
Press: ? - help, Shift-Dir - straight line, f - eight-headed hydra
Aim: an eight-headed hydra (chance to affect: 32%)
The eight-headed hydra easily resists.
The eight-headed hydra bites you!
* * * LOW HITPOINT WARNING * * *
The eight-headed hydra misses you.
The eight-headed hydra bites you but does no damage.
The eight-headed hydra barely misses you.
The eight-headed hydra bites you.
* * * LOW HITPOINT WARNING * * *
The eight-headed hydra bites you!
You die...

...............
..###................
....................#
...................#
........^.....$....#
..................#
......u..........#
.................#
........@........###
.......D...........#####
.......................##
.............#####.......
.....###...### ##......
.x..# #..).# ###.... ...#
##[).# ##... .. #)..#
##... #...# ##...#


You could see an eight-headed hydra, a cyan ugly thing and an unseen horror
(invisible, asleep).

Vanquished Creatures
  3 two-headed ogres
  A wizard (D:10)
  A deep elf pyromancer (D:9)
  Maggie (D:6)
  Psyche (D:8)
  Prince Ribbit (D:6)
  2 shadows
  Sigmund (D:5)
  2 wyverns (D:8)
  A steam dragon (D:9)
  The ghost of hemabe71 the Charlatan, an amateur HuAr (D:3)
  Menkaure (D:5)
  2 water moccasins
  Duvessa (D:5)
  3 orc warriors
  A sky beast (D:6)
  A black bear (D:5)
  2 ice beasts
  An ogre (D:5)
  4 centaurs
  2 phantoms
  A necrophage (D:6)
  A scorpion (D:3)
  6 bullfrogs
  8 wights
  Dowan (D:5)
  25 killer bees
  5 howler monkeys
  2 jellies
  3 hounds
  7 orc priests
  2 iguanas (D:6)
  9 orc wizards
  Natasha (twice) (D:2)
  Terence (D:2)
  9 gnolls
  13 adders
  3 river rats (Sewer)
  A shadow imp (D:6)
  3 white imps
  2 ufetubi (D:5)
  2 worms
  5 dart slugs
  25 orcs
  10 endoplasms
  8 giant cockroaches
  6 hobgoblins
  3 jackals (D:4)
  3 quokkas
  16 ball pythons
  2 bats (D:3)
  9 frilled lizards
  5 goblins
  5 kobolds
  27 rats
263 creatures vanquished.

Vanquished Creatures (others)
  27 fungi (D:11)
  24 plants
51 creatures vanquished.

Grand Total: 314 creatures vanquished

Notes
Turn   | Place    | Note
-------+----------+-------------------------------------------
     0 | D:1      | Murumi the Vampire Enchanter began the quest for the Orb.
     0 | D:1      | Reached XP level 1. HP: 13/13 MP: 3/3
   142 | D:1      | Reached skill level 5 in Stealth
   147 | D:1      | Reached XP level 2. HP: 15/15 MP: 5/5
   241 | D:1      | Learned a level 2 spell: Ensorcelled Hibernation
   487 | D:1      | Reached skill level 5 in Hexes
   555 | D:1      | Gained mutation: You are afflicted with vampirism and can
                  | become a bat while bloodless. [Vampire growth]
   555 | D:1      | Reached XP level 3. HP: 18/20 MP: 1/6
   623 | D:1      | Reached skill level 1 in Fighting
   631 | D:1      | Identified a scroll of acquirement
   631 | D:1      | Acquired the amulet "Namp" {Acrobat Dex+7}
   910 | D:2      | Reached skill level 1 in Ice Magic
  1077 | D:2      | Noticed Natasha
  1081 | D:2      | Killed Natasha
  1082 | D:2      | Reached XP level 4. HP: 26/26 MP: 7/7
  1370 | D:2      | Learned a level 1 spell: Slow
  1427 | D:2      | Found a shimmering altar of Xom.
  1530 | D:2      | Noticed Natasha
  1549 | D:2      | Killed Natasha
  1550 | D:2      | Reached skill level 6 in Stealth
  1715 | D:2      | Noticed Terence
  1722 | D:2      | Killed Terence
  1723 | D:2      | Reached XP level 5. HP: 30/30 MP: 8/8
  1815 | D:2      | Found a faded altar of an unknown god.
  1951 | D:3      | Found a glowing drain.
  1960 | Sewer    | Entered a sewer
  2095 | Sewer    | Reached skill level 1 in Armour
  2343 | Sewer    | Reached skill level 7 in Stealth
  2354 | Sewer    | Learned a level 3 spell: Confusing Touch
  2650 | Sewer    | Reached XP level 6. HP: 31/35 MP: 9/9
  2661 | Sewer    | Reached skill level 8 in Stealth
  3065 | D:3      | Learned a level 3 spell: Dazzling Flash
  3088 | D:3      | Found a runed translucent gate.
  3088 | D:3      | Found a runed translucent gate.
  3088 | D:3      | Found an opulent altar of Gozag.
  3095 | D:3      | Found a runed translucent gate.
  3098 | D:3      | Noticed hemabe71's ghost (amateur HuAr)
  3130 | D:3      | Acquired 899 gold pieces
  3322 | D:3      | Reached skill level 1 in Conjurations
  3322 | D:3      | Reached XP level 7. HP: 26/40 MP: 1/10
  3367 | D:3      | HP: 2/40 [hemabe71's ghost (7)]
  3374 | D:3      | Killed hemabe71's ghost
  4546 | D:4      | Found a staircase to the Ecumenical Temple.
  4555 | Temple   | Entered the Ecumenical Temple
  4635 | Temple   | Became a worshipper of Warmaster Okawaru
  4706 | D:5      | Entered Level 5 of the Dungeon
  4891 | D:5      | Found a snail-covered altar of Cheibriados.
  4994 | D:5      | Reached skill level 1 in Invocations
  5332 | D:5      | Noticed Dowan
  5337 | D:5      | Noticed Duvessa
  5340 | D:5      | Killed Duvessa
  5341 | D:5      | Reached skill level 9 in Stealth
  5352 | D:5      | Killed Dowan
  5599 | D:5      | Reached XP level 8. HP: 46/46 MP: 12/12
  5668 | D:5      | Reached * piety under Okawaru
  5690 | D:5      | Reached skill level 5 in Short Blades
  5696 | D:5      | Reached skill level 10 in Stealth
  5764 | D:5      | Noticed Sigmund
  5771 | D:5      | Killed Sigmund
  5791 | D:5      | Reached ** piety under Okawaru
  5828 | D:5      | Noticed Menkaure
  6037 | D:5      | Killed Menkaure
  6038 | D:5      | Reached XP level 9. HP: 29/52 MP: 11/15
  6604 | D:6      | Noticed Prince Ribbit
  6610 | D:6      | Killed Prince Ribbit
  6805 | D:6      | Learned a level 5 spell: Silence
  6913 | D:6      | Reached skill level 1 in Air Magic
  6992 | D:6      | Noticed Maggie
  6998 | D:6      | Killed Maggie
  6999 | D:6      | Reached skill level 11 in Stealth
  7024 | D:6      | Found a hazy altar of Hepliaklqana.
  7032 | D:6      | Reached *** piety under Okawaru
  7144 | D:6      | Reached skill level 10 in Hexes
  8119 | D:7      | Reached skill level 12 in Stealth
  8821 | D:7      | Reached XP level 10. HP: 57/58 MP: 13/16
  9197 | D:7      | Reached skill level 5 in Fighting
  9576 | D:8      | Noticed a two-headed ogre
  9583 | D:8      | Killed a two-headed ogre
  9583 | D:8      | Reached **** piety under Okawaru
  9584 | D:8      | Reached skill level 5 in Spellcasting
  9664 | D:8      | Found a burning altar of Makhleb.
  9683 | D:8      | Noticed Psyche
  9690 | D:8      | Killed Psyche
  9771 | D:8      | Found a blossoming altar of Fedhas.
  9838 | D:8      | Found a radiant altar of Vehumet.
  9842 | D:8      | Found a stormy altar of Qazlal.
 10486 | D:9      | Noticed a two-headed ogre
 10493 | D:9      | Killed a two-headed ogre
 10493 | D:9      | Reached ***** piety under Okawaru
 10494 | D:9      | Reached skill level 13 in Stealth
 10711 | D:9      | Found an ornate altar of the Wu Jian Council.
 10876 | D:9      | Noticed a deep elf pyromancer
 10882 | D:9      | Killed a deep elf pyromancer
 10882 | D:9      | Received a gift from Okawaru
 11145 | D:10     | Entered Level 10 of the Dungeon
 11303 | D:10     | Noticed a two-headed ogre
 11322 | D:10     | Killed a two-headed ogre
 11322 | D:10     | Received a gift from Okawaru
 11323 | D:10     | Reached XP level 11. HP: 63/63 MP: 4/18
 11433 | D:10     | Identified the +1 dagger of the Wasp {flame, Dex+4}
 11472 | D:10     | Noticed a wizard
 11500 | D:10     | Killed a wizard
 11501 | D:10     | Reached skill level 14 in Stealth
 11996 | D:11     | Identified the +0 cloak of Privacy {rPois Will+ MP-9 Int+2}
                  | (Okawaru gifted it to you on level 11 of the Dungeon)
 11996 | D:11     | Received a gift from Okawaru
 12066 | D:11     | Noticed an eight-headed hydra
 12070 | D:11     | Noticed a cyan ugly thing
 12074 | D:11     | Mangled by an eight-headed hydra

Illustrated notes

Levels and vault maps discovered:
D:1:      dpeg_arrival_lava_temple_mockup, layout_basic, minmay_misc_feat_tiny
D:2:      cheibrodos_old_hovel, layout_basic, basic_altar,
          hellmonk_ecumenical_altar_leap_of_faith, uniq_terence, uniq_natasha
D:3:      layout_rooms, ebering_ghost_gozag, portal_sewer_entry_f,
          grunt_ministairs_2, st_stairs_10, nrook_campfire
D:4:      layout_loops_corners, minmay_temple_entry_fiery
D:5:      minmay_chambers_of_fours, layout_basic, cheibriados_altar_1,
          corexii_item_surrounded_by_moat, kennysheep_generic_room_4,
          uniq_duvessa, uniq_sigmund, uniq_menkaure
D:6:      layout_cave_pods, mainiacjoe_overflow_24_doors, uniq_maggie,
          uniq_prince_ribbit1
D:7:      layout_basic, minmay_misc_feat_tower
D:8:      layout_cave_pools, mainiacjoe_overflow_alcove_1,
          general_overflow_altar, chequers_temple_overflow_statue_of_worship,
          uniq_psyche
D:9:      layout_roguey, pdpol_wu_jian_five_deadly_venoms
D:10:     layout_rooms, tso_metal_star, minivault_25
D:11:     layout_layer_cave, due_lair_maze_entry_diamond, uniq_nergalle,
          uniq_urug
Temple:   nicolae_temple_great_sept

Skill      XL: |  1  2  3  4  5  6  7  8  9 10 11 |
---------------+----------------------------------+-----
Stealth        | 5 6 7 8 9 10 12 13 14 | 14.0
Short Blades   | 2 3 4 5 7 8 |  8.0
Hexes          | 5 6 8 9 10 12 | 12.0
Fighting       | 2 3 4 5 |  5.9
Ice Magic      | 1 2 3 |  3.0
Armour         | 1 2 |  2.0
Conjurations   | 1 2 |  2.0
Spellcasting   | 3 4 5 |  5.0
Invocations    | 1 2 |  2.0
Dodging        | 3 4 |  4.0
Air Magic      | 2 3 |  3.0

Action                   |  1- 3 |  4- 6 |  7- 9 | 10-12 || total
-------------------------+-------+-------+-------+-------++-------
Melee: Dagger            |    39 |   179 |   170 |    86 ||   474
       Bite              |     4 |    13 |    17 |     4 ||    38
       Punch             |       |     1 |     2 |     2 ||     5
 Cast: Ensorcelled Hiber |     9 |    44 |    62 |    48 ||   163
       Confusing Touch   |       |     1 |     7 |     5 ||    13
       Slow              |       |       |     6 |       ||     6
Invok: Heroism           |       |       |       |     1 ||     1
 Abil: Exsanguinate      |     1 |       |       |       ||     1
  Use: Scroll            |     6 |     7 |    10 |     4 ||    27
       Potion            |       |     2 |     2 |       ||     4
 Stab: Sleeping          |    19 |    47 |    67 |    44 ||   177
       Invisible         |       |    13 |     6 |       ||    19
       Confused          |       |     1 |     6 |     5 ||    12
       Distracted        |       |     1 |     5 |     3 ||     9
Armor: Robe              |     3 |    43 |    26 |    13 ||    85
Dodge: Dodged            |    25 |   233 |   124 |    64 ||   446

Table legend: (Time is in decaauts)
 A = Elapsed time spent in this place.
 B = Non-inter-level travel time spent in this place.
 C = Inter-level travel time spent in this place.
 D = Time resting spent in this place.
 E = Time spent auto-exploring this place.
 F = Levels seen in this place.
 G = Mean time per level.
                   A        B        C        D        E       F      G
               +--------+--------+--------+--------+--------+-----+--------+
         Total |  12036 |  11061 |    975 |    679 |   8425 |  13 |  925.8 |
       Dungeon |  11195 |  10235 |    960 |    608 |   7919 |  11 | 1017.7 |
        Temple |     90 |     75 |     15 |      0 |     63 |   1 |   90.0 |
         Sewer |    749 |    749 |      0 |     71 |    443 |   1 |  749.0 |
               +--------+--------+--------+--------+--------+-----+--------+

Top non-repeatable levels by time:
     D:5: 1782 daAuts
     D:7: 1566 daAuts
     D:6: 1367 daAuts
     D:2: 1092 daAuts
     D:3: 1087 daAuts
     D:9: 1060 daAuts
     D:4: 977 daAuts
     D:1: 833 daAuts
   Sewer: 749 daAuts
    D:10: 740 daAuts
     D:8: 568 daAuts
    D:11: 118 daAuts
  Temple: 90 daAuts
